BSA
FRESNO DEPLORABLES @ SPRINGFIELD STARS
05/28/2026
 
TOP OF THE 1ST
Portland Cards batting - Pitching for Springfield Stars : LHP José López
Pitching: LHP José López
Batting: LHB John Cotton 0-0: Called Strike
0-1: Foul Ball, location: 2F
0-2: Foul Ball, location: 2F
0-2: Ball
1-2: Ball
2-2: Strikes out swinging
Batting: LHB Keith Beard 0-0: Called Strike
0-1: Ball
1-1: DOUBLE (Flyball, 78M)
Batting: LHB Jeff Daniels 0-0: Ball
1-0: Called Strike
1-1: Ball
2-1: Called Strike
2-2: SINGLE (Line Drive, 9LS)
Keith Beard to third
Batting: LHB Donovan Bird 0-0: Swinging Strike
0-1: Ball
1-1: Called Strike
1-2: Ball
2-2: Fielders Choice at 2nd, 1-6 (Groundball, 25)
Batting: RHB Aaron Scott 0-0: Called Strike
0-1: Ball
1-1: Ball
2-1: Ball
3-1: Called Strike
3-2: Ground out 5-3 (Groundball, 56S)
Top of the 1st over - 0 run(s), 2 hit(s), 0 error(s), 2 left on base; Portland 0 - Springfield 0
BOTTOM OF THE 1ST
Springfield Stars batting - Pitching for Portland Cards : RHP Manuel Fuentes
Pitching: RHP Manuel Fuentes
Batting: RHB Juan Rodríguez 0-0: Ball
1-0: Ball
2-0: Ball
3-0: Called Strike
3-1: Called Strike
3-2: Ground out 4-3 (Groundball, 4M)
Batting: RHB Calvin Bennett 0-0: Called Strike
0-1: Ball
1-1: Ball
2-1: Swinging Strike
2-2: SINGLE (Line Drive, 8LS)
Batting: LHB Derek Davidson 0-0: Ball
1-0: Swinging Strike
1-1: Swinging Strike
1-2: Strikes out swinging
Batting: LHB Felipe Guerrero 0-0: Ball
1-0: Called Strike
1-1: Ball
2-1: Called Strike
Calvin Bennett is caught stealing 2nd base
Bottom of the 1st over - 0 run(s), 1 hit(s), 0 error(s), 0 left on base; Portland 0 - Springfield 0
TOP OF THE 2ND
Portland Cards batting - Pitching for Springfield Stars : LHP José López
Batting: LHB Paul Mullins 0-0: Called Strike
0-1: Foul Ball, location: 2F
0-2: Strikes out swinging
Batting: RHB Germán Rosales 0-0: Foul Ball, location: 2F
0-1: Swinging Strike
0-2: Ball
1-2: Ball
2-2: Ball
3-2: Base on Balls
Batting: LHB Tom Blake 0-0: Ball
1-0: Ball
2-0: Called Strike
2-1: Called Strike
2-2: Ball
3-2: Foul Ball, location: 2F
3-2: Foul Ball, location: 2F
3-2: SINGLE (Groundball, 6MD)
Germán Rosales to second
Batting: RHB Dani Vázquez 0-0: Called Strike
0-1: Ball
1-1: Called Strike
1-2: Ball
2-2: Strikes out looking
Batting: LHB John Cotton 0-0: Swinging Strike
0-1: Foul Ball, location: 2F
0-2: Foul Ball, location: 2F
0-2: Fly out, F3 (Line Drive, 3)
Top of the 2nd over - 0 run(s), 1 hit(s), 0 error(s), 2 left on base; Portland 0 - Springfield 0
BOTTOM OF THE 2ND
Springfield Stars batting - Pitching for Portland Cards : RHP Manuel Fuentes
Batting: LHB Felipe Guerrero 0-0: Ball
1-0: Called Strike
1-1: Ball
2-1: Called Strike
2-2: Strikes out swinging
Batting: LHB Elliott Newell 0-0: Ball
1-0: Swinging Strike
1-1: Ground out 3-1 (Groundball, 34S)
Batting: RHB Juan Carlos Rodríguez 0-0: Ball
1-0: Ball
2-0: Ground out 1-3 (Groundball, 13S)
Bottom of the 2nd over - 0 run(s), 0 hit(s), 0 error(s), 0 left on base; Portland 0 - Springfield 0
TOP OF THE 3RD
Portland Cards batting - Pitching for Springfield Stars : LHP José López
Batting: LHB Keith Beard 0-0: Ball
1-0: Foul Ball, location: 2F
1-1: Ball
2-1: Swinging Strike
2-2: Ball
3-2: Base on Balls
Batting: LHB Jeff Daniels 0-0: Called Strike
0-1: Ball
1-1: Foul Ball, location: 2F
1-2: Foul Ball, location: 2F
1-2: Strikes out looking
Batting: LHB Donovan Bird 0-0: Ball
Keith Beard is caught stealing 2nd base
1-0: Foul Ball, location: 2F
1-1: Ball
2-1: Foul Ball, location: 2F
2-2: Ball
3-2: Ground out 4-3 (Groundball, 4M)
Top of the 3rd over - 0 run(s), 0 hit(s), 0 error(s), 0 left on base; Portland 0 - Springfield 0
BOTTOM OF THE 3RD
Springfield Stars batting - Pitching for Portland Cards : RHP Manuel Fuentes
Batting: SHB Shane Hutchinson 0-0: Ball
1-0: Foul Ball, location: 2F
1-1: Foul Ball, location: 2F
1-2: Foul Ball, location: 2F
1-2: Strikes out swinging
Batting: RHB Will Sterling 0-0: Foul Ball, location: 2F
0-1: Swinging Strike
0-2: Ball
1-2: Foul Ball, location: 2F
1-2: Ball
2-2: Ball
3-2: Fly out, F8 (Flyball, 89XD)
Batting: LHB Jesús Tobías 0-0: SINGLE (Line Drive, 4MD)
Batting: RHB Juan Rodríguez 0-0: Ball
1-0: Ground out U3 (Groundball, 3F)
Bottom of the 3rd over - 0 run(s), 1 hit(s), 0 error(s), 1 left on base; Portland 0 - Springfield 0
TOP OF THE 4TH
Portland Cards batting - Pitching for Springfield Stars : LHP José López
Batting: RHB Aaron Scott 0-0: Ball
1-0: Ball
2-0: Foul Ball, location: 2F
2-1: Ball
3-1: Base on Balls
Batting: LHB Paul Mullins 0-0: Fly out, F5 (Popup, 5F)
Batting: RHB Germán Rosales 0-0: SINGLE (Flyball, 78S)
Aaron Scott to second
Aaron Scott to third
Batting: LHB Tom Blake 0-0: Foul Ball, location: 2F
0-1: Fly out, F8 (Flyball, 8RM)
Runner from 3rd tags up, SCORES, throw made
Batting: RHB Dani Vázquez 0-0: Called Strike
0-1: Called Strike
0-2: Ball
1-2: Ball
2-2: Foul Ball, location: 2F
2-2: Ball
3-2: Foul Ball, location: 2F
3-2: Foul Ball, location: 2F
3-2: Ground out U3 (Groundball, 3L)
Top of the 4th over - 1 run(s), 1 hit(s), 0 error(s), 1 left on base; Portland 1 - Springfield 0
BOTTOM OF THE 4TH
Springfield Stars batting - Pitching for Portland Cards : RHP Manuel Fuentes
Batting: RHB Calvin Bennett 0-0: Ball
1-0: Ball
2-0: Ball
3-0: Base on Balls
Batting: LHB Derek Davidson 0-0: Ball
1-0: Ball
2-0: Foul Ball, location: 2F
2-1: Ball
3-1: Swinging Strike
3-2: Foul Ball, location: 2F
3-2: Foul Ball, location: 2F
3-2: SINGLE (Flyball, 89M)
Calvin Bennett to second
Runner from 2nd tries for 3rd, SAFE, throw made to third
Derek Davidson to second
Batting: LHB Felipe Guerrero 0-0: Foul Ball, location: 2F
0-1: DOUBLE (Groundball, 3L)
Calvin Bennett scores
Derek Davidson scores
Batting: LHB Elliott Newell 0-0: Called Strike
0-1: SINGLE (Line Drive, 6D)
Felipe Guerrero to third
Runner from 3rd tries for Home, SAFE, no throw or cutoff
Batting: RHB Juan Carlos Rodríguez 0-0: Grounds into double play, 6-4-3 (Groundball, 6M)
Batting: SHB Shane Hutchinson 0-0: Ball
1-0: Fly out, F6 (Popup, 56D)
Bottom of the 4th over - 3 run(s), 3 hit(s), 0 error(s), 0 left on base; Portland 1 - Springfield 3
TOP OF THE 5TH
Portland Cards batting - Pitching for Springfield Stars : LHP José López
Batting: LHB John Cotton 0-0: Foul Ball, location: 2F
0-1: Called Strike
0-2: Ball
1-2: Ball
2-2: Ground out U3 (Groundball, 3)
Batting: LHB Keith Beard 0-0: Ball
1-0: SINGLE (Line Drive, 4M)
Batting: LHB Jeff Daniels 0-0: Ball
1-0: Foul Ball, location: 2F
1-1: Foul Ball, location: 2F
1-2: Strikes out swinging
Batting: LHB Donovan Bird 0-0: Ball
1-0: Ball
2-0: Foul Ball, location: 2F
2-1: Called Strike
2-2: Strikes out looking
Top of the 5th over - 0 run(s), 1 hit(s), 0 error(s), 1 left on base; Portland 1 - Springfield 3
BOTTOM OF THE 5TH
Springfield Stars batting - Pitching for Portland Cards : RHP Manuel Fuentes
Batting: RHB Will Sterling 0-0: Ball
1-0: Ball
2-0: Fly out, F7 (Flyball, 7D)
Batting: LHB Jesús Tobías 0-0: Ball
1-0: Ball
2-0: Foul Ball, location: 2F
2-1: Fly out, F7 (Flyball, 7S)
Batting: RHB Juan Rodríguez 0-0: Ball
1-0: Ball
2-0: Called Strike
2-1: Foul Ball, location: 2F
2-2: DOUBLE (Line Drive, 5D)
Batting: RHB Calvin Bennett 0-0: Ball
1-0: Ball
2-0: Ball
3-0: Base on Balls
Batting: LHB Derek Davidson 0-0: Ball
1-0: DOUBLE (Flyball, 8RXD)
Juan Rodríguez scores
Calvin Bennett to third
Runner from 3rd tries for Home, SAFE, no throw or cutoff
Batting: LHB Felipe Guerrero 0-0: Ball
1-0: Foul Ball, location: 2F
1-1: Foul Ball, location: 2F
1-2: SINGLE (Groundball, 6M)
Derek Davidson to third
Runner from 3rd tries for Home, SAFE, no throw or cutoff
Batting: LHB Elliott Newell 0-0: Called Strike
0-1: Ball
1-1: Ball
2-1: Ball
3-1: Fly out, F7 (Flyball, 7LS)
Bottom of the 5th over - 3 run(s), 3 hit(s), 0 error(s), 1 left on base; Portland 1 - Springfield 6
TOP OF THE 6TH
Portland Cards batting - Pitching for Springfield Stars : LHP José López
Pitching: RHP Hyo-chin Ch'oe
Batting: RHB Aaron Scott 0-0: Called Strike
0-1: Ball
1-1: SINGLE (Line Drive, 89S)
Batting: LHB Paul Mullins 0-0: Ball
1-0: Fly out, F8 (Flyball, 8LD)
Batting: RHB Germán Rosales 0-0: Called Strike
0-1: Swinging Strike
0-2: Strikes out swinging
Batting: LHB Tom Blake 0-0: Ball
1-0: Foul Ball, location: 2F
1-1: Foul Ball, location: 2F
1-2: Strikes out swinging
Top of the 6th over - 0 run(s), 1 hit(s), 0 error(s), 1 left on base; Portland 1 - Springfield 6
BOTTOM OF THE 6TH
Springfield Stars batting - Pitching for Portland Cards : RHP Manuel Fuentes
Pitching: LHP Juan Ortíz
Batting: RHB Juan Carlos Rodríguez 0-0: Foul Ball, location: 2F
0-1: Ground out 6-3 (Groundball, 6M)
Batting: SHB Shane Hutchinson 0-0: Swinging Strike
0-1: Foul Ball, location: 2F
0-2: Strikes out looking
Batting: RHB Will Sterling 0-0: Called Strike
0-1: Ball
1-1: Ball
2-1: Foul Ball, location: 2F
2-2: Fly out, F6 (Popup, 56D)
Bottom of the 6th over - 0 run(s), 0 hit(s), 0 error(s), 0 left on base; Portland 1 - Springfield 6
TOP OF THE 7TH
Portland Cards batting - Pitching for Springfield Stars : RHP Hyo-chin Ch'oe
Batting: RHB Dani Vázquez 0-0: Foul Ball, location: 2F
0-1: Ball
1-1: Called Strike
1-2: Fly out, F5 (Line Drive, 56)
Batting: LHB John Cotton 0-0: Ball
1-0: Ball
2-0: Foul Ball, location: 2F
2-1: Called Strike
2-2: Strikes out swinging
Batting: LHB Keith Beard 0-0: Called Strike
0-1: Foul Ball, location: 2F
0-2: Foul Ball, location: 2F
0-2: Foul Ball, location: 2F
0-2: Ball
1-2: Ball
2-2: SINGLE (Groundball, 3D)
Batting: LHB Jeff Daniels 0-0: Ball
1-0: Called Strike
1-1: Called Strike
1-2: Foul Ball, location: 2F
1-2: Ball
2-2: DOUBLE (Line Drive, 3D)
Keith Beard to third
Runner from 3rd tries for Home, throw and OUT!
Top of the 7th over - 0 run(s), 2 hit(s), 0 error(s), 1 left on base; Portland 1 - Springfield 6
BOTTOM OF THE 7TH
Springfield Stars batting - Pitching for Portland Cards : LHP Juan Ortíz
Batting: LHB Jesús Tobías 0-0: Ground out 4-3 (Groundball, 4)
Batting: RHB Juan Rodríguez 0-0: Ball
1-0: Ball
2-0: Ball
3-0: Foul Ball, location: 2F
3-1: Foul Ball, location: 2F
3-2: Foul Ball, location: 2F
3-2: Foul Ball, location: 2F
3-2: Base on Balls
Batting: RHB Calvin Bennett 0-0: Ball
1-0: Reached on error, E5 (Groundball, 56)
Juan Rodríguez to second
Batting: LHB Derek Davidson 0-0: Ball
1-0: Fielders Choice at 2nd, 1-4 (Groundball, 15S)
Juan Rodríguez to third
Batting: LHB Felipe Guerrero 0-0: Foul Ball, location: 2F
0-1: Ball
1-1: Foul Ball, location: 2F
1-2: Ball
2-2: Strikes out swinging
Bottom of the 7th over - 0 run(s), 0 hit(s), 1 error(s), 2 left on base; Portland 1 - Springfield 6
TOP OF THE 8TH
Portland Cards batting - Pitching for Springfield Stars : RHP Hyo-chin Ch'oe
Pitching: LHP Jorge Aybar
Batting: LHB Donovan Bird 0-0: Foul Ball, location: 2F
0-1: Fly out, F3 (Popup, 13)
Batting: RHB Aaron Scott 0-0: Ground out 1-3 (Groundball, 13S)
Batting: LHB Paul Mullins 0-0: Ball
1-0: Called Strike
1-1: Ball
2-1: Ground out 6-3 (Groundball, 6M)
Top of the 8th over - 0 run(s), 0 hit(s), 0 error(s), 0 left on base; Portland 1 - Springfield 6
BOTTOM OF THE 8TH
Springfield Stars batting - Pitching for Portland Cards : LHP Juan Ortíz
Batting: LHB Elliott Newell 0-0: Called Strike
0-1: Ground out 6-3 (Groundball, 6)
Pitching: RHP Eusébio Lagarto
Batting: RHB Juan Carlos Rodríguez 0-0: Ball
1-0: Called Strike
1-1: Foul Ball, location: 2F
1-2: Ball
2-2: Ball
3-2: Base on Balls
Batting: SHB Shane Hutchinson 0-0: Ball
1-0: Called Strike
1-1: Ball
2-1: Ball
3-1: Foul Ball, location: 2F
3-2: Base on Balls
Juan Carlos Rodríguez to second
Batting: RHB Will Sterling 0-0: Ball
1-0: Foul Ball, location: 2F
1-1: Ball
2-1: Swinging Strike
2-2: Fly out, F9 (Flyball, 9M)
Batting: LHB Jesús Tobías 0-0: Swinging Strike
0-1: Called Strike
0-2: Ball
1-2: Ball
2-2: Strikes out swinging
Bottom of the 8th over - 0 run(s), 0 hit(s), 0 error(s), 2 left on base; Portland 1 - Springfield 6
TOP OF THE 9TH
Portland Cards batting - Pitching for Springfield Stars : LHP Jorge Aybar
Pitching: RHP José Valdéz
Now at 2B: David García
Batting: RHB Germán Rosales 0-0: Ground out 5-3 (Groundball, 5)
Batting: LHB Tom Blake 0-0: Called Strike
0-1: Ball
1-1: Foul Ball, location: 2F
1-2: Ball
2-2: Strikes out swinging
Batting: RHB Dani Vázquez 0-0: Ball
1-0: Called Strike
1-1: Foul Ball, location: 2F
1-2: Ball
2-2: SINGLE (Flyball, 89S)
Batting: LHB John Cotton 0-0: Called Strike
0-1: Ball
1-1: Foul Ball, location: 2F
1-2: Ball
2-2: Ball
3-2: SINGLE (Groundball, 34D)
Dani Vázquez to second
Dani Vázquez to third
Batting: LHB Keith Beard 0-0: Ball
1-0: Foul Ball, location: 2F
1-1: SINGLE (Line Drive, 89M)
Dani Vázquez scores
John Cotton to second
Runner from 2nd tries for 3rd, SAFE, no throw or cutoff
Batting: LHB Jeff Daniels 0-0: Ball
1-0: SINGLE (Groundball, 15) (infield hit)
John Cotton scores
Keith Beard to second
Batting: LHB Donovan Bird 0-0: Foul Ball, location: 2F
0-1: SINGLE (Line Drive, 8RS)
Keith Beard to third
Jeff Daniels to second
Batting: RHB Aaron Scott 0-0: Foul Ball, location: 2F
0-1: Foul Ball, location: 2F
0-2: Strikes out looking
Top of the 9th over - 2 run(s), 5 hit(s), 0 error(s), 3 left on base; Portland 3 - Springfield 6
Monday, December 5th, 2016 - OOTP Baseball 17.12 Build 75